 Dungeon Crawl Stone Soup version 0.30-a0-972-gf3ab3527aa (webtiles) character file.

Game seed: 4344241056011232149

8 vishdafish the Gusty (level 2, 19/19 HPs)
             Began as a Demonspawn Air Elementalist on Mar 31, 2023.
             Quit the game on level 1 of the Dungeon.
             The game lasted 00:00:34 (216 turns).

vishdafish the Gusty (Demonspawn Air Elementalist)   Turns: 216, Time: 00:00:35

Health: 19/19      AC:  2    Str:  7 (8)  XL:     2   Next: 0%
Magic:  0/5        EV: 12    Int: 14 (16) God:
Gold:   15         SH:  0    Dex: 12 (13) Spells: 4/5 levels left

rFire   . . .      SeeInvis .    (no weapon)
rCold   . . .      Faith    .    (no shield)
rNeg    . . .      Spirit   .    a - +0 robe
rPois   .          Reflect  .    (no helmet)
rElec   .          Rampage  .    (no cloak)
rCorr   .                        (no gloves)
Will    .....                    (no boots)
Stlth   ++                       (no amulet)
HPRegen 0.23/turn                (no ring)
MPRegen 0.09/turn                (no ring)

@: no status effects
A: demonic guardian 1
a: no special abilities


You were on level 1 of the Dungeon.
You visited 1 branch of the dungeon, and saw 1 of its levels.

You collected 15 gold pieces.

Inventory:

Armour
 a - a +0 robe (worn)


   Skills:
 - Level 1.7 Dodging
 - Level 1.7 Stealth
 + Level 2.2 Spellcasting
 + Level 1.4 Conjurations
 + Level 2.8 Air Magic


You had 4 spell levels left.
You knew the following spells:

 Your Spells              Type           Power      Damage    Failure   Level
a - Shock                 Conj/Air       28%        1d4       10%         1

Your spell library contained the following spells:

 Spells                   Type           Power      Damage    Failure   Level
 Static Discharge         Conj/Air       14%        2-3/arc   14%         2
 Swiftness                Air            9%         N/A       22%         3
 Airstrike                Air            4%         2d(1-17)  56%         4


Dungeon Overview and Level Annotations

Branches:
Dungeon (1/15)

Altars:


Innate Abilities, Weirdness & Mutations

A weak demonic guardian rushes to your aid.


Message History

The zap hits the quokka.
The quokka is almost dead.
The quokka misses you.
You hit the quokka but do no damage.
The quokka is almost dead.
The quokka closely misses you.
You barely miss the quokka.
The quokka is almost dead.
The quokka closely misses you.
You barely miss the quokka.
The quokka is almost dead.
The quokka closely misses you. The quokka bites you.
It was a potion of degeneration.
There was something very wrong with that liquid.
You feel weakened.
You feel dopey.
You feel clumsy. The quokka misses you.
You hit the quokka but do no damage.
The quokka is almost dead.
The quokka twitches its whiskers.
The quokka barely misses you.
You hit the quokka but do no damage.
The quokka is almost dead.
The quokka closely misses you.
Aiming: Shock (safe; 10% risk of failure)
Press: ? - help, Q - select action Shift-Dir - straight line, f/p - quokka
Aim: a quokka (almost dead, 56% to hit)
The zap hits the quokka.
You kill the quokka!
A goblin comes into view. It is wielding a +0 club.
The goblin shouts!
A goblin is nearby!
The zap misses the goblin.
The zap hits the goblin.
The goblin is heavily wounded.
The zap hits the goblin.
You kill the goblin!
You have reached level 2!
Your demonic ancestry asserts itself...
You feel the presence of a demonic guardian.
Are you sure you want to abandon this character and quit the game? (Confirm with "yes".)

.............# .#
.............## .#
........#.....####.#
........#...#†##...##.#
..........)............
....#..###..#....#####
...#.. #.###....# . #..
#.# #..#.# ### #@#
#.##.# ########.# #.##.#
. #≈≈>§≈##.# #.#..# ..
#≈≈≈≈≈##.# #.#.##
...##≈≈≈§≈######.#.#
#...≈≈≈...###....###.
#.8.....8..##..........
##....<........#######..
#.....8.....#..#


There were no monsters in sight!

Vanquished Creatures
  A ball python (D:1)
  A giant cockroach (D:1)
  A goblin (D:1)
  2 quokkas (D:1)
  A kobold (D:1)
  A rat (D:1)
7 creatures vanquished.

Notes
Turn   | Place    | Note
-------+----------+-------------------------------------------
     0 | D:1      | vishdafish the Demonspawn Air Elementalist began the quest
                  | for the Orb.
     0 | D:1      | Reached XP level 1. HP: 13/13 MP: 3/3
   216 | D:1      | Gained mutation: A weak demonic guardian rushes to your
                  | aid. [demonic ancestry]
   216 | D:1      | Reached XP level 2. HP: 19/19 MP: 0/5
   216 | D:1      | Quit the game

Illustrated notes

Levels and vault maps discovered:
D:1:      grunt_arrival_lava_bath, layout_rooms, minmay_tree_intersection

Action                     || total
---------------------------++-------
  Melee: Unarmed           ||    21
   Cast: Shock             ||    19
    Use: Potion            ||     2
  Dodge: Dodged            ||    24

Table legend: (Time is in decaauts)
 A = Elapsed time spent in this place.
 B = Non-inter-level travel time spent in this place.
 C = Inter-level travel time spent in this place.
 D = Time resting spent in this place.
 E = Time spent auto-exploring this place.
 F = Levels seen in this place.
 G = Mean time per level.
                   A        B        C        D        E       F      G
               +--------+--------+--------+--------+--------+-----+--------+
         Total |    216 |    216 |      0 |      0 |    150 |   1 |  216.0 |
       Dungeon |    216 |    216 |      0 |      0 |    150 |   1 |  216.0 |
               +--------+--------+--------+--------+--------+-----+--------+

Top non-repeatable levels by time:
     D:1: 216 daAuts
